 Dungeon Crawl Stone Soup version 0.28-a0-1616-g050a50673c (webtiles) character file.

Game seed: 7322972126143805258

955 Hasart the Skirmisher (level 7, -2/61 HPs)
             Began as a Demigod Fighter on Jan 23, 2022.
             Succumbed to a scorpion's poison
             ... on level 5 of the Dungeon.
             The game lasted 00:07:38 (5365 turns).

Hasart the Skirmisher (Demigod Fighter)             Turns: 5365, Time: 00:07:39

Health: -2/61      AC: 11    Str: 17    XL:     7   Next: 59%
Magic:  9/9        EV:  6    Int: 10    God:
Gold:   198        SH:  6    Dex: 21    Spells: 3/6 levels left

rFire   . . .      SeeInvis .   a - +2 long sword
rCold   . . .      Faith    .   c - +0 buckler
rNeg    . . .      Spirit   .   g - +0 plate armour
rPois   .          Reflect  .   (no helmet)
rElec   .          Harm     .   (no cloak)
rCorr   .          Rampage  .   (no gloves)
Will    .....                   (no boots)
Stlth   ..........              b - amulet of magic regeneration
HPRegen 0.20/turn               (no ring)
MPRegen 0.51/turn               (no ring)

@: lethally poisoned (-2 -> -14)
A: high mp 1, forlorn, divine attributes
a: no special abilities


You were on level 5 of the Dungeon.
You visited 1 branch of the dungeon, and saw 5 of its levels.

You collected 198 gold pieces.

Inventory:

Hand Weapons
 a - a +2 long sword (weapon)
Armour
 c - a +0 buckler (worn)
 g - a +0 plate armour (worn)
Jewellery
 b - an amulet of magic regeneration (around neck)
Scrolls
 e - a scroll of blinking {unknown}
 f - a scroll of noise {unknown}
 l - a scroll of teleportation
Potions
 d - a potion of berserk rage {unknown}
 i - 3 potions of lignification
 k - 2 potions of degeneration {unknown}


   Skills:
 * Level 5.0 Fighting
 * Level 4.5 Long Blades
 + Level 4.0 Armour
 + Level 2.4 Dodging
 + Level 4.0 Shields
 + Level 2.2 Air Magic


You had 3 spell levels left.
You knew the following spells:

 Your Spells              Type           Power      Damage    Failure   Level
a - Swiftness             Air            4%         N/A       100%        3

Your spell library contained the following spells:

 Spells                   Type           Power      Damage    Failure   Level
 Ensorcelled Hibernation  Hex/Ice        0%         N/A       100%        2
 Passwall                 Tmut/Erth      0%         N/A       100%        2


Dungeon Overview and Level Annotations

Branches:
Dungeon (5/15)
 Temple: D:4-7


Innate Abilities, Weirdness & Mutations

You have an increased reservoir of magic. (+10% MP)
You shall have no god before yourself.
Your divine heritage dramatically boosts your attributes as you level up.


Message History

Your Shields skill increases to level 4!
You start resting.
A scorpion comes into view.
The scorpion stings you.
* * * LOW HITPOINT WARNING * * *
Things that are here:
a +0 giant club; an ogre corpse You hit the scorpion but do no damage.
You block the scorpion's attack.
You hit the scorpion.
The scorpion is moderately wounded.
You block the scorpion's attack. The scorpion stings you.
* * * LOW HITPOINT WARNING * * *
You are poisoned.
The scorpion poisons you!
You barely miss the scorpion.
The scorpion is moderately wounded.
* * * LOW HITPOINT WARNING * * *
You feel very sick. The scorpion closely misses you.
You hit the scorpion.
The scorpion is moderately wounded.
* * * LOW HITPOINT WARNING * * *
You feel sick. You block the scorpion's attack.
The scorpion stings you but does no damage.
You hit the scorpion but do no damage.
The scorpion is moderately wounded.
* * * LOW HITPOINT WARNING * * *
You feel sick. The scorpion stings you.
* * * LOW HITPOINT WARNING * * *
You are lethally poisoned!
The scorpion poisons you!
You barely miss the scorpion.
The scorpion is moderately wounded.
* * * LOW HITPOINT WARNING * * *
You feel very sick. The scorpion stings you.
* * * LOW HITPOINT WARNING * * *
You hit the scorpion but do no damage.
The scorpion is moderately wounded.
You die...

..##... ..# .. ..#
......# ...##. ..## ##
......# ##..# .# ##
......?.###...#
####.##.........##...#
.#...[.... ##..$.....#
.†.........#....#....##
##...........##s#.....#
##...........###@..##.##
....................#..#
......................##
.....................##
...............(..#####
....###...........#...#
....##................#
...####..............###
...#...................#


You could see a scorpion.

Vanquished Creatures
  Sigmund (D:3)
  A water moccasin (D:4)
  An ice beast (D:5)
  An ogre (D:5)
  2 scorpions
  A water moccasin skeleton (D:5)
  2 hounds (D:5)
  Jessica (D:3)
  Terence (D:3)
  An iguana (D:3)
  An orc wizard (D:3)
  A howler monkey zombie (D:5)
  4 gnolls (D:2)
  3 adders
  A worm (D:3)
  2 dart slugs
  13 orcs
  3 ball pythons
  6 bats
  4 endoplasms
  8 giant cockroaches
  7 goblins
  7 hobgoblins
  7 jackals
  4 quokkas
  3 kobolds
  A quokka skeleton (D:4)
  3 rats (D:1)
90 creatures vanquished.

Notes
Turn   | Place    | Note
-------+----------+-------------------------------------------
     0 | D:1      | Hasart the Demigod Fighter began the quest for the Orb.
     0 | D:1      | Reached XP level 1. HP: 18/18 MP: 3/3
   355 | D:1      | Reached XP level 2. HP: 21/25 MP: 4/4
   571 | D:1      | Reached skill level 3 in Fighting
  1504 | D:2      | Reached XP level 3. HP: 31/31 MP: 5/5
  1980 | D:2      | Reached XP level 4. HP: 38/38 MP: 6/6
  2125 | D:2      | Learned a level 3 spell: Swiftness
  2536 | D:3      | Noticed Sigmund
  2565 | D:3      | Killed Sigmund
  2566 | D:3      | Reached skill level 1 in Dodging
  2566 | D:3      | Reached skill level 1 in Air Magic
  2566 | D:3      | Reached XP level 5. HP: 11/46 MP: 7/7
  2957 | D:3      | Noticed Terence
  2962 | D:3      | Killed Terence
  2963 | D:3      | Reached skill level 4 in Fighting
  2998 | D:3      | Noticed Jessica
  3008 | D:3      | Killed Jessica
  3420 | D:4      | Reached XP level 6. HP: 30/52 MP: 8/8
  3959 | D:4      | Identified the +1 robe of Paipis {rF+ Str+4}
  4445 | D:5      | Entered Level 5 of the Dungeon
  4445 | D:5      | Noticed a water moccasin
  4466 | D:4      | Killed a water moccasin
  4856 | D:5      | Reached XP level 7. HP: 42/60 MP: 9/9
  5275 | D:5      | Reached skill level 5 in Fighting
  5364 | D:5      | HP: 2/61 [poisoned by a scorpion]
  5365 | D:5      | Succumbed to a scorpion's poison

Illustrated notes

Levels and vault maps discovered:
D:1:      dpeg_arrival_court, layout_loops_ring,
          shapermc_ecumenical_altar_totnotflames
D:2:      layout_basic
D:3:      layout_loops_ring, gammafunk_temple_overflow_elements, uniq_jessica,
          uniq_terence, uniq_sigmund
D:4:      layout_rooms
D:5:      layout_cave_pools

Skill      XL: |  1  2  3  4  5  6  7 |
---------------+----------------------+-----
Long Blades    | 2 3 4 |  4.5
Fighting       | 3 4 5 |  5.0
Armour         | 3 4 |  4.0
Shields        | 3 4 |  4.0
Dodging        | 1 2 |  2.4
Air Magic      | 1 2 |  2.2

Action                   |  1- 3 |  4- 6 |  7- 9 || total
-------------------------+-------+-------+-------++-------
Melee: Long sword        |   100 |   168 |    42 ||   310
Throw: Throwing net      |       |     1 |       ||     1
  Use: Potion            |       |     3 |       ||     3
       Scroll            |       |     7 |       ||     7
Armor: Plate armour      |   116 |   131 |    14 ||   261
       Scale mail        |     3 |       |       ||     3
Dodge: Dodged            |    36 |    45 |    11 ||    92
Block: Buckler           |    43 |    50 |    11 ||   104

Table legend: (Time is in decaauts)
 A = Elapsed time spent in this place.
 B = Non-inter-level travel time spent in this place.
 C = Inter-level travel time spent in this place.
 D = Time resting spent in this place.
 E = Time spent auto-exploring this place.
 F = Levels seen in this place.
 G = Mean time per level.
                   A        B        C        D        E       F      G
               +--------+--------+--------+--------+--------+-----+--------+
         Total |   5461 |   5311 |    150 |   1358 |   3051 |   5 | 1092.2 |
       Dungeon |   5461 |   5311 |    150 |   1358 |   3051 |   5 | 1092.2 |
               +--------+--------+--------+--------+--------+-----+--------+

Top non-repeatable levels by time:
     D:3: 1535 daAuts
     D:1: 1361 daAuts
     D:2: 1038 daAuts
     D:4: 974 daAuts
     D:5: 552 daAuts
